 Dungeon Crawl Stone Soup version 0.23-a0-767-gdc19b93 (webtiles) character file.

2543 tilp the Spear-Bearer (level 9, -2/57 HPs)
             Began as a Merfolk Ice Elementalist on Jan 19, 2019.
             Slain by a yak (13 damage)
             ... on level 6 of the Dungeon.
             The game lasted 00:21:25 (7188 turns).

tilp the Spear-Bearer (Merfolk Ice Elementalist)    Turns: 7188, Time: 00:21:26

Health: -2/57      AC: 13    Str: 12    XL:     9   Next: 55%
Magic:  7/12       EV: 12    Int: 17    God:
Gold:   208        SH:  0    Dex: 14    Spells: 6/12 levels left

rFire    . . .     SeeInvis .   a - +1 halberd
rCold    . . .     Gourm    +   (shield currently unavailable)
rNeg     + . .     Faith    .   J - +0 leather armour
rPois    .         Spirit   .   G - +0 helmet
rElec    .         Reflect  .   i - scarf {repulsion}
rCorr    .         Harm     .   w - +1 pair of gloves
MR       .....                  B - +0 pair of boots
Stlth    ++........             M - amulet of the gourmand
HPRegen  0.19/turn              N - +3 ring of strength
MPRegen  0.13/turn              D - ring of positive energy

@: icy armour, repel missiles
A: change form in water, swift swim, stealthy swim
a: no special abilities


You were on level 6 of the Dungeon.
You were near starving.

You visited 1 branch of the dungeon, and saw 6 of its levels.
You also visited: Ossuary.

You collected 208 gold pieces.

Inventory:

Hand Weapons
 a - a +1 halberd (weapon)
 b - a +0 hunting sling
 g - a +3 dagger
 u - a +5 blowgun
Missiles
 f - 200 stones (quivered)
 v - 60 sling bullets
Armour
 i - a scarf of repulsion (worn)
 w - a +1 pair of gloves (worn)
 B - a +0 pair of boots (worn)
 G - a +0 helmet (worn)
 J - a +0 leather armour (worn)
Jewellery
 r - a +3 ring of intelligence
 D - a ring of positive energy (right hand)
 E - an uncursed ring of stealth
 K - an uncursed ring of protection from magic
 M - an amulet of the gourmand (around neck)
 N - a +3 ring of strength (left hand)
Wands
 h - a wand of acid (5)
 H - a wand of scattershot (5)
Scrolls
 e - a scroll of magic mapping {unknown}
 m - 3 scrolls of fog
 p - a scroll of blinking {unknown}
 s - 4 scrolls of teleportation
 t - 2 scrolls of enchant weapon
 A - a scroll of fear {unknown}
 I - 4 scrolls of noise {unknown}
 O - a scroll of amnesia {unknown}
Potions
 d - a potion of heal wounds {unknown}
 k - 2 potions of agility
 l - 4 potions of lignification
 n - 2 potions of might
 o - a potion of berserk rage
 q - a potion of invisibility
 x - 7 potions of curing
 z - a potion of cancellation
 F - a potion of brilliance {unknown}
Comestibles
 c - 5 rations


   Skills:
 + Level 14.4 Polearms
 - Level 2.6 Dodging
 - Level 2.1 Stealth
 - Level 2.0 Spellcasting
 - Level 0.7 Conjurations
 - Level 8.0 Ice Magic


You had 6 spell levels left.
You knew the following spells:

 Your Spells              Type           Power        Failure   Level  Hunger
a - Freeze                Ice            ####         1%          1    #......
b - Throw Frost           Conj/Ice       ###...       6%          2    ###....
c - Ozocubu's Armour      Chrm/Ice       ###.....     14%         3    ###....

Your spell library contained the following spells:

 Spells                   Type           Power        Failure   Level  Hunger
 Animate Skeleton         Necr           N/A          24%         1    #......
 Pain                     Necr           #...         24%         1    #......
 Throw Icicle             Conj/Ice       ###.....     38%         4    #####..
 Summon Ice Beast         Ice/Summ       ###.....     43%         4    #####..
 Regeneration             Chrm/Necr      #.........   58%         3    ###....
 Vampiric Draining        Necr           #.........   58%         3    ###....
 Animate Dead             Necr           N/A          94%         4    #####..


Dungeon Overview and Level Annotations

Branches:
Dungeon (6/15)
 Temple: D:4-7

Altars:
Elyvilon
Fedhas
Kikubaaqudgha
Sif Muna
The Shining One


Message History

You are too injured to fight recklessly!
You hit the yak but do no damage.
The yak is moderately wounded.
The yak barely misses you.
You puncture the yak!
The yak is heavily wounded.
The yak gores you but does no damage.
You barely miss the yak.
The yak is heavily wounded.
You closely miss the yak.
The yak is heavily wounded.
The yak gores you but does no damage.
You puncture the yak!
The yak is almost dead.
The yak gores you!
* * * LOW HITPOINT WARNING * * *
You barely miss the yak.
The yak is almost dead.
The yak gores you!
You die...

....... ....... ....... .......
....... ......Y
.....JY#########
########@.......#
+......#........#####[
####+####......#.............#
#...<).##......#.............#
+......##......#.............#
#......##......#.#.#.#.#.....#
#......#.....................#
.......#.........#.#.#.#.#+####
##)######.....................#


You could see 2 yaks and a jelly.

Vanquished Creatures
  4 yaks (D:6)
  A sky beast (D:6)
  An ice beast (D:5)
  An ogre (D:6)
  A centaur (D:6)
  A wyvern zombie (Ossuary)
  2 scorpions (D:5)
  5 wights (D:6)
  3 crimson imps
  2 bullfrog skeletons
  7 bullfrog zombies (Ossuary)
  An orc priest (D:5)
  5 centaur zombies (Ossuary)
  A jelly (D:5)
  A hound (D:5)
  An orc wizard (D:6)
  Ijyb (D:5)
  An iguana (D:4)
  3 worker ants
  3 hound zombies
  11 mummies (Ossuary)
  3 worker ant zombies (Ossuary)
  2 howler monkey zombies
  7 adders
  A howler monkey skeleton (D:5)
  3 shadow imps
  An ooze (D:2)
  An adder skeleton (D:4)
  3 adder zombies
  A leopard gecko (D:3)
  11 orcs
  A ball python (D:4)
  7 bats
  6 giant cockroaches
  A hobgoblin (D:1)
  12 jackals
  3 quokkas
  4 frilled lizards
  4 goblins
  A goblin skeleton (D:4)
  A goblin zombie (D:4)
  3 hobgoblin zombies (D:4)
  A jackal skeleton (D:4)
  4 kobolds
  2 kobold skeletons (D:4)
  A kobold zombie (D:4)
  An orc skeleton (D:4)
  2 orc zombies (D:4)
  2 quokka zombies (Ossuary)
  6 rats
151 creatures vanquished.

Vanquished Creatures (others)
  4 withered plants (Ossuary)
4 creatures vanquished.

Grand Total: 155 creatures vanquished

Notes
Turn   | Place    | Note
-------+----------+-------------------------------------------
     0 | D:1      | tilp the Merfolk Ice Elementalist began the quest for the
                  | Orb.
     0 | D:1      | Reached XP level 1. HP: 13/13 MP: 3/3
   408 | D:1      | Reached XP level 2. HP: 19/19 MP: 1/5
   934 | D:1      | Learned a level 2 spell: Throw Frost
   941 | D:2      | Reached XP level 3. HP: 19/24 MP: 3/6
  1100 | D:2      | Found an ancient bone altar of Kikubaaqudgha.
  1103 | D:2      | Found a blossoming altar of Fedhas.
  1279 | D:2      | Reached skill level 5 in Ice Magic
  1429 | D:3      | Reached XP level 4. HP: 30/30 MP: 2/7
  1470 | D:3      | Learned a level 3 spell: Ozocubu's Armour
  2034 | D:3      | You fall through a shaft for 2 floors!
  2034 | D:5      | Entered Level 5 of the Dungeon
  2092 | D:5      | Reached XP level 5. HP: 27/35 MP: 3/8
  2964 | D:4      | Reached XP level 6. HP: 27/41 MP: 5/9
  3075 | D:4      | Found a deep blue altar of Sif Muna.
  3544 | D:4      | Found a glowing golden altar of the Shining One.
  4216 | D:5      | Found a white marble altar of Elyvilon.
  4233 | D:5      | Reached skill level 1 in Polearms
  4287 | D:5      | Reached skill level 2 in Polearms
  4316 | D:5      | Reached skill level 3 in Polearms
  4316 | D:5      | Reached XP level 7. HP: 36/46 MP: 5/10
  4561 | D:5      | Reached skill level 4 in Polearms
  4572 | D:5      | Noticed Ijyb
  4775 | D:5      | Killed Ijyb
  4775 | D:5      | Reached skill level 5 in Polearms
  4842 | D:5      | Reached skill level 6 in Polearms
  5012 | D:6      | Reached skill level 7 in Polearms
  5020 | D:6      | Found a sand-covered staircase.
  5028 | D:6      | Reached XP level 8. HP: 32/52 MP: 2/11
  5041 | Ossuary  | Entered an ossuary
  5066 | Ossuary  | Reached skill level 8 in Polearms
  5528 | Ossuary  | Reached skill level 9 in Polearms
  6147 | Ossuary  | Reached skill level 10 in Polearms
  6336 | Ossuary  | Reached skill level 11 in Polearms
  6796 | D:6      | Reached skill level 12 in Polearms
  6796 | D:6      | Reached XP level 9. HP: 49/57 MP: 9/12
  6964 | D:6      | Reached skill level 13 in Polearms
  7171 | D:6      | Reached skill level 14 in Polearms
  7188 | D:6      | Slain by a yak

Vault maps used:
D:1:      dpeg_arrival_simpleton_b, minivault_14, minmay_misc_feat_ornament
D:2:      grunt_temple_overflow_growth_and_decay, serial_bayou_lagoon_b
D:3:      kennysheep_donut, minmay_checkerbox
D:4:      nicolae_tso_besieged_by_evil, kennysheep_nub, led_sif_pool
D:5:      lemuel_crystal_altar, first_ration, kennysheep_pointless_box,
          uniq_ijyb
D:6:      nicolae_ossuary_entry_monument, glass_columns_c,
          ebering_dispersal_statue_hall, kennysheep_nondescript,
          uniq_blork_the_orc
Ossuary:  ossuary_zaba_flooded

Skill      XL: |  1  2  3  4  5  6  7  8  9 |
---------------+----------------------------+-----
Ice Magic      | 4 5 6 7 8 |  8.0
Polearms       | 3 7 12 14 | 14.4
Dodging        | |  2.6
Stealth        | |  2.1
Spellcasting   | |  2.0
Conjurations   | |  0.7

Action                   |  1- 3 |  4- 6 |  7- 9 || total
-------------------------+-------+-------+-------++-------
Melee: Unarmed           |     1 |       |       ||     1
       Dagger            |    12 |   117 |   157 ||   286
       Halberd           |       |       |   240 ||   240
Throw: Stone             |       |       |    10 ||    10
 Cast: Freeze            |    39 |    56 |    17 ||   112
       Throw Frost       |       |     3 |     6 ||     9
       Ozocubu's Armour  |       |     4 |    23 ||    27
Evoke: Wand              |       |       |    14 ||    14
  Use: Scroll            |     4 |     3 |     7 ||    14
 Stab: Sleeping          |     4 |     2 |     3 ||     9
  Eat: Chunk             |     2 |     7 |     7 ||    16
       Ration            |       |     1 |     2 ||     3
Armor: Robe              |    15 |    48 |     5 ||    68
       Leather armour    |       |       |    93 ||    93
Dodge: Dodged            |    49 |    92 |   198 ||   339
       Deflected         |       |     2 |     2 ||     4

Table legend:
 A = Non-vault XP
 B = Vault XP
 C = Vault XP percentage of total XP
 D = Non-vault monster count
 E = Vault monster count
 F = Vault count percentage of total count
                 A         B        C        D         E       F
            +---------+---------+-------+---------+---------+-------
      Total |    2522 |    1112 |  30.6 |     100 |      51 |  33.8
            +---------+---------+-------+---------+---------+-------
        D:1 |      28 |       0 |   0.0 |      17 |       0 |   0.0
        D:2 |      48 |       0 |   0.0 |      12 |       0 |   0.0
        D:3 |      79 |       8 |   9.2 |      21 |       4 |  16.0
        D:4 |      94 |      61 |  39.4 |       6 |      12 |  66.7
        D:5 |     654 |      36 |   5.2 |      23 |       1 |   4.2
        D:6 |    1619 |       0 |   0.0 |      21 |       0 |   0.0
    Ossuary |       0 |    1007 | 100.0 |       0 |      34 | 100.0
            +---------+---------+-------+---------+---------+-------
